 Dungeon Crawl Stone Soup version 0.29-a0-334-gb41bcbb86e (webtiles) character file.

Game seed: 14013845779233452529

8586 jlumianski the Cleaver (level 11, 0/83 HPs)
             Began as a Demonspawn Fighter on Apr 14, 2022.
             Was a Priest of Qazlal.
             Slain by a freezing wraith (9 damage)
             ... on level 9 of the Dungeon.
             The game lasted 00:35:43 (9530 turns).

jlumianski the Cleaver (Demonspawn Fighter)         Turns: 9530, Time: 00:35:44

Health: 0/83       AC: 22    Str: 21    XL:     11   Next: 11%
Magic:  15/15      EV: 12    Int:  9    God:    Qazlal [***...]
Gold:   482        SH:  9    Dex: 13    Spells: 10/10 levels left

rFire   . . .      SeeInvis .   a - +0 war axe
rCold   . . .      Faith    .   c - +0 buckler
rNeg    . . .      Spirit   .   w - +0 plate armour
rPois   .          Reflect  .   K - +1 helmet
rElec   .          Harm     .   q - +0 cloak
rCorr   +          Rampage  .   C - +2 pair of gloves
Will    .....                   (no boots)
Stlth   ..........              s - amulet of regeneration
HPRegen 1.03/turn               i - ring of resist corrosion
MPRegen 0.14/turn               (no ring)

@: agile, slowed, very slow
A: molten scales 1, ignite blood 1, powered by pain 2, demonic touch 2, wild
magic 1
a: Renounce Religion, Upheaval, Elemental Force


You were on level 9 of the Dungeon.
You worshipped Qazlal.
Qazlal was most pleased with you.
You visited 2 branches of the dungeon, and saw 10 of its levels.

You collected 482 gold pieces.

Inventory:

Hand Weapons
 a - a +0 war axe (weapon)
 z - a +0 vorpal hand axe
 E - a +2 spear of freezing
 N - a +4 halberd of freezing
Missiles
 k - 391 stones (quivered)
 B - 2 poisoned darts
 H - a throwing net
 M - 4 datura-tipped darts
Armour
 b - a +0 scale mail
 c - a +0 buckler (worn)
 q - a +0 cloak (worn)
 r - a +0 chain mail
 w - a +0 plate armour (worn)
 C - a +2 pair of gloves (worn)
 D - a +3 leather armour of cold resistance
 K - a +1 helmet (worn)
Magical Staves
 n - a staff of death
Jewellery
 i - a ring of resist corrosion (left hand)
 s - an amulet of regeneration (around neck)
 O - a ring of flight
Wands
 f - a wand of flame (18)
 v - a wand of iceblast (15)
 x - a wand of paralysis (1)
 y - a wand of mindburst (11)
 Q - a wand of digging (5)
Scrolls
 e - 2 scrolls of magic mapping
 g - a scroll of amnesia
 j - 2 scrolls of vulnerability
 p - 2 scrolls of blinking
 A - a scroll of fog
 G - a scroll of immolation
 J - 2 scrolls of enchant weapon
Potions
 d - 5 potions of might
 h - a potion of flight
 l - a potion of degeneration
 m - 2 potions of cancellation
 o - 2 potions of invisibility
 t - 3 potions of haste
 u - a potion of attraction
 F - 2 potions of mutation
 L - a potion of curing
 P - a potion of resistance


   Skills:
 + Level 6.5 Fighting
 + Level 10.1 Axes
 + Level 0.5 Throwing
 + Level 7.2 Armour
 + Level 2.3 Dodging
 - Level 1.0 Stealth
 + Level 4.9 Shields
 * Level 6.5 Invocations
 * Level 6.2 Evocations


You had 10 spell levels left.
You didn't know any spells.
Your spell library contained the following spells:

 Spells                   Type           Power      Damage    Failure   Level
 Animate Skeleton         Necr           0%         N/A       100%        1
 Pain                     Necr           0%         1d4       100%        1
 Sandblast                Erth           0%         2d4       100%        1
 Sting                    Tmut/Pois      0%         1d3       100%        1
 Passwall                 Tmut/Erth      0%         N/A       100%        2
 Poisonous Vapours        Pois/Air       0%         N/A       100%        2
 Dazzling Flash           Conj/Hex       0%         N/A       100%        3
 Frozen Ramparts          Ice            0%         1d2       100%        3
 Gell's Gravitas          Tloc           0%         N/A       100%        3
 Lesser Beckoning         Tloc           0%         N/A       100%        3
 Stone Arrow              Conj/Erth      0%         3d7       100%        3
 Teleport Other           Tloc           0%         N/A       100%        3
 Vampiric Draining        Necr           0%         2d6       100%        3
 Ice Form                 Ice/Tmut       0%         N/A       100%        4
 Olgreb's Toxic Radiance  Pois           0%         N/A       100%        4
 Summon Ice Beast         Ice/Summ       0%         N/A       100%        4
 Agony                    Necr           0%         N/A       100%        5
 Excruciating Wounds      Necr           0%         N/A       100%        5
 Silence                  Hex/Air        0%         N/A       100%        5


Dungeon Overview and Level Annotations

Branches:
Dungeon (9/15)             Temple (1/1) D:5
   Lair: D:8-11         Orc: D:9-12

Altars:
Ashenzari
Cheibriados
Dithmenos
Elyvilon
Gozag
Hepliaklqana
Kikubaaqudgha
Makhleb
Nemelex Xobeh
Qazlal
Ru
Sif Muna
Trog
Vehumet
Wu Jian
Xom
Yredelemnul
Zin
The Shining One


Innate Abilities, Weirdness & Mutations

You are partially covered in molten scales. (AC +2)
Your demonic aura sometimes causes spilled blood to erupt in flames.
You sometimes gain power by taking damage.
Your touch may inflict irresistible damage on your foes.
Your spells are a little harder to cast, but a little more powerful.


Message History

The freezing wraith closely misses you.
The freezing wraith hits you but does no damage.
You barely miss the freezing wraith.
The freezing wraith is moderately damaged.
The freezing wraith hits you. The freezing wraith freezes you!
The freezing wraith hits you!
You hit the freezing wraith but do no damage.
The freezing wraith is moderately damaged.
The freezing wraith hits you but does no damage. x2
You slash the freezing wraith!
The freezing wraith is heavily damaged.
The freezing wraith closely misses you.
The freezing wraith hits you but does no damage.
The freezing wraith closely misses you. The freezing wraith barely misses you.
You slash the freezing wraith!
The freezing wraith is severely damaged.
The freezing wraith hits you! The freezing wraith freezes you!!
You focus on the pain.
You feel agile all of a sudden. The freezing wraith hits you.
The freezing wraith drains your vigour!
You feel yourself slow down.
You hit the freezing wraith but do no damage.
The freezing wraith is severely damaged.
The freezing wraith hits you but does no damage.
You block the freezing wraith's attack.
You closely miss the freezing wraith.
The freezing wraith is severely damaged.
The freezing wraith hits you. The freezing wraith freezes you!!
* * * LOW HITPOINT WARNING * * *
The freezing wraith hits you.
* * * LOW HITPOINT WARNING * * *
The freezing wraith drains your vigour!
You feel as though you will be slow longer.
The freezing wraith barely misses you. You block the freezing wraith's attack.
You hit the freezing wraith.
The freezing wraith is severely damaged.
The freezing wraith hits you.
* * * LOW HITPOINT WARNING * * *
The freezing wraith freezes you!
You die...

#######.......#######
#.....#.......#
#.###.#....>..####
#.###............#
#.#.....[.....##.#
#######.#.###.......##.####
........#.#................
#####.#.#.#.##.#.####....#.
..........@.##.#..# ##.#.#.
##########W.##.#..# #......
#.###.#..# #...... #.#
#.#..# #..#.## #.# #.##.#
#..#.# #.###.##.###..#.##
#..##.)...........
#..###...####.#.##
#..###.#.####.#.#


You could see a freezing wraith.

Vanquished Creatures
  Pikel (D:9)
  Joseph (D:8)
  Maggie (D:8)
  A troll (D:9)
  A hornet (D:7)
  A wyvern (D:8)
  16 yaks
  Grum (D:8)
  3 steam dragons (D:7)
  3 water moccasins
  An ice beast (D:6)
  3 ogres
  2 sky beasts
  An orc warrior (D:9)
  2 black bears
  3 centaurs
  3 wolves (D:8)
  Blork the orc (D:4)
  5 bullfrogs
  A gnoll sergeant (D:7)
  A necrophage (D:6)
  2 scorpions
  7 wights
  4 killer bees (D:8)
  3 electric eels (D:8)
  8 howler monkeys
  A jelly (D:5)
  2 gnoll shamans
  3 orc priests
  5 hounds
  Ijyb (D:5)
  4 iguanas
  6 orc wizards
  21 gnolls
  6 adders
  A shadow imp (D:8)
  2 white imps
  An ufetubus (D:6)
  A worm (D:3)
  A dart slug (D:3)
  23 orcs
  3 bats
  12 endoplasms
  3 giant cockroaches
  3 goblins
  4 hobgoblins
  3 quokkas
  4 ball pythons
  3 frilled lizards
  9 kobolds
  7 rats
205 creatures vanquished.

Vanquished Creatures (others)
  30 plants (D:4)
30 creatures vanquished.

Grand Total: 235 creatures vanquished

Notes
Turn   | Place    | Note
-------+----------+-------------------------------------------
     0 | D:1      | jlumianski the Demonspawn Fighter began the quest for the
                  | Orb.
     0 | D:1      | Reached XP level 1. HP: 18/18 MP: 1/1
   603 | D:1      | Gained mutation: You sometimes gain a little power by
                  | taking damage. [demonic ancestry]
   603 | D:1      | Reached XP level 2. HP: 19/24 MP: 2/2
   917 | D:1      | Reached skill level 2 in Axes
  1835 | D:2      | Gained mutation: You sometimes gain power by taking damage.
                  | [demonic ancestry]
  1835 | D:2      | Reached XP level 3. HP: 26/29 MP: 3/3
  2041 | D:2      | Found a sparkling altar of Nemelex Xobeh.
  3172 | D:3      | Gained mutation: You are partially covered in molten
                  | scales. (AC +2) [demonic ancestry]
  3172 | D:3      | Reached XP level 4. HP: 34/35 MP: 4/4
  3238 | D:3      | Found a broken altar of Ashenzari.
  3760 | D:4      | Reached skill level 3 in Axes
  3817 | D:4      | Reached XP level 5. HP: 22/41 MP: 5/5
  4093 | D:4      | Noticed an ogre
  4099 | D:4      | Killed an ogre
  4100 | D:4      | Reached skill level 1 in Stealth
  4375 | D:4      | Noticed Blork the orc
  4400 | D:4      | Killed Blork the orc
  4401 | D:4      | Reached skill level 4 in Axes
  4401 | D:4      | Reached XP level 6. HP: 39/48 MP: 6/6
  4930 | D:5      | Entered Level 5 of the Dungeon
  4980 | D:5      | Reached skill level 1 in Evocations
  4989 | D:5      | Noticed a water moccasin
  4994 | D:5      | Killed a water moccasin
  4995 | D:5      | Gained mutation: Your demonic aura sometimes causes spilled
                  | blood to erupt in flames. [demonic ancestry]
  4995 | D:5      | Reached XP level 7. HP: 39/54 MP: 7/7
  5141 | D:5      | Noticed Ijyb
  5146 | D:5      | Paralysed by Ijyb for 3 turns
  5155 | D:5      | Killed Ijyb
  5228 | D:5      | Reached skill level 5 in Axes
  5233 | D:5      | Reached skill level 1 in Dodging
  5467 | D:5      | Found a staircase to the Ecumenical Temple.
  5480 | Temple   | Entered the Ecumenical Temple
  5589 | Temple   | Became a worshipper of Qazlal Stormbringer
  5636 | D:5      | Gained mutation: Your touch may inflict minor irresistible
                  | damage on your foes. [demonic ancestry]
  5636 | D:5      | Reached XP level 8. HP: 61/61 MP: 8/8
  5789 | D:5      | Gained mutation: Your spells are a little harder to cast,
                  | but a little more powerful. [potion of mutation]
  5943 | D:6      | Reached skill level 5 in Armour
  6006 | D:6      | Reached skill level 6 in Axes
  6378 | D:6      | Reached skill level 5 in Fighting
  6378 | D:6      | Reached skill level 7 in Axes
  6400 | D:6      | Reached * piety under Qazlal
  6701 | D:7      | Reached XP level 9. HP: 66/68 MP: 9/9
  7034 | D:7      | Reached skill level 1 in Invocations
  7484 | D:7      | Paralysed by a hornet for 1 turns
  7486 | D:7      | Reached skill level 8 in Axes
  7647 | D:8      | Reached ** piety under Qazlal
  7651 | D:8      | HP: 2/69 [something (2)]
  7763 | D:8      | Reached skill level 5 in Evocations
  7821 | D:8      | Noticed Joseph
  7841 | D:8      | Reached XP level 10. HP: 37/76 MP: 12/12
  7841 | D:8      | Killed Joseph
  7890 | D:8      | Reached skill level 5 in Invocations
  7923 | D:8      | Reached skill level 9 in Axes
  7948 | D:8      | Noticed Grum
  7964 | D:8      | Killed Grum
  8125 | D:8      | Noticed Maggie
  8134 | D:8      | Killed Maggie
  8603 | D:9      | Noticed Pikel
  8644 | D:9      | Killed Pikel
  8662 | D:9      | Reached *** piety under Qazlal
  8770 | D:9      | Gained mutation: Your touch may inflict irresistible damage
                  | on your foes. [demonic ancestry]
  8770 | D:9      | Reached XP level 11. HP: 78/78 MP: 15/15
  8981 | D:9      | Reached skill level 10 in Axes
  9530 | D:9      | Slain by a freezing wraith

Illustrated notes

Levels and vault maps discovered:
D:1:      lightli_arrival_statue_moat, layout_basic
D:2:      layout_loops_ring, basic_altar, st_stairs_13
D:3:      layout_basic, evilmike_ruin_ashenzari
D:4:      layout_layer_cave, serial_bayou, serial_bayou_pond_a,
          serial_bayou_pond_d, serial_bayou_shore_b, serial_bayou_lagoon_a,
          uniq_blork_the_orc
D:5:      layout_basic, temple_green, minivault_23,
          kennysheep_decorative_pillar, uniq_ijyb
D:6:      layout_rooms
D:7:      layout_basic
D:8:      argonaut_augean_stables, layout_rooms, kennysheep_small_circle,
          uniq_joseph, uniq_maggie, uniq_grum
D:9:      layout_loops_ring, minmay_the_grid_2x2 [minmay_the_grid_eight,
          minmay_the_grid_empty, minmay_the_grid_gridbox,
          minmay_the_grid_prize_four_corners], uniq_pikel
Temple:   mainiacjoe_temple_archimedes_tessellation

Skill      XL: |  1  2  3  4  5  6  7  8  9 10 11 |
---------------+----------------------------------+-----
Armour         | 3 4 5 6 7 |  7.2
Axes           | 2 3 4 5 7 8 9 10 | 10.1
Stealth        | 1 |  1.0
Shields        | 3 4 |  4.9
Fighting       | 4 5 6 |  6.5
Evocations     | 1 2 4 5 6 |  6.2
Dodging        | 1 2 |  2.3
Invocations    | 3 6 |  6.5
Throwing       | |  0.5

Action                   |  1- 3 |  4- 6 |  7- 9 | 10-12 || total
-------------------------+-------+-------+-------+-------++-------
Melee: War axe           |   123 |    90 |   325 |   250 ||   788
Throw: Dart              |       |     4 |       |       ||     4
       Stone             |       |       |       |     8 ||     8
Invok: Upheaval          |       |       |       |     1 ||     1
Evoke: Wand              |       |     3 |     1 |     3 ||     7
  Use: Scroll            |       |    10 |     7 |     4 ||    21
       Potion            |       |     1 |     5 |       ||     6
Armor: Scale mail        |    56 |    22 |       |       ||    78
       Plate armour      |       |    49 |   260 |   150 ||   459
Dodge: Dodged            |    53 |    47 |   130 |    89 ||   319
Block: Buckler           |    19 |    18 |   100 |   102 ||   239

Table legend: (Time is in decaauts)
 A = Elapsed time spent in this place.
 B = Non-inter-level travel time spent in this place.
 C = Inter-level travel time spent in this place.
 D = Time resting spent in this place.
 E = Time spent auto-exploring this place.
 F = Levels seen in this place.
 G = Mean time per level.
                   A        B        C        D        E       F      G
               +--------+--------+--------+--------+--------+-----+--------+
         Total |   9731 |   9493 |    238 |    397 |   6074 |  10 |  973.1 |
       Dungeon |   9587 |   9349 |    238 |    397 |   5985 |   9 | 1065.2 |
        Temple |    143 |    143 |      0 |      0 |     89 |   1 |  143.0 |
               +--------+--------+--------+--------+--------+-----+--------+

Top non-repeatable levels by time:
     D:1: 1859 daAuts
     D:4: 1328 daAuts
     D:8: 1132 daAuts
     D:2: 1037 daAuts
     D:7: 1007 daAuts
     D:9: 905 daAuts
     D:5: 849 daAuts
     D:3: 825 daAuts
     D:6: 640 daAuts
  Temple: 143 daAuts
